 Dungeon Crawl Stone Soup version 0.19.5 (webtiles) character file.

1341 joaoluisp the Blocker (level 8, -3/70 HPs)
             Began as a Minotaur Fighter on May 15, 2017.
             Was a Believer of Trog (penitent).
             Slain by an ogre
             ... wielding a +0 giant spiked club
              (12 damage)
             ... on level 6 of the Dungeon.
             The game lasted 00:25:43 (5464 turns).

joaoluisp the Blocker (Minotaur Fighter)            Turns: 5464, Time: 00:25:43

Health: -3/70      AC: 15    Str: 23    XL:     8   Next: 35%
Magic:  7/7        EV:  7    Int:  5    God:    Trog [*]
Gold:   288        SH: 11    Dex: 14    Spells: 1 memorised, 6 levels left

rFire  . . .     SeeInvis .     z - +0 hunting sling
rCold  . . .     Gourm    +     E - +5 chain mail {MR+}
rNeg   . . .     Faith    .     c - +0 shield
rPois  .         Spirit   .     (helmet restricted)
rElec  .         Reflect  .     (no cloak)
rCorr  .         Harm     .     (no gloves)
MR     +....                    (no boots)
Stlth  ..........               C - amulet of the gourmand
                                (no ring)
                                s - +4 ring of dexterity

@: no status effects
A: retaliatory headbutt, horns 2
a: Burn Spellbooks, Renounce Religion


You were on level 6 of the Dungeon.
You worshipped Trog.
Trog was demanding penance.
You were not hungry.

You visited 1 branch of the dungeon, and saw 6 of its levels.

You collected 288 gold pieces.

Inventory:

Hand Weapons
 a - a +1 war axe
 v - a +0 giant club
 w - a +0 falchion
 z - a +0 hunting sling (weapon)
 B - a +0 whip
 D - a +0 flail
 K - a +0 war axe
Missiles
 n - 133 stones (quivered)
 o - 106 arrows
 u - 39 bolts
 x - 24 sling bullets
 y - 38 poisoned needles
Armour
 b - a +0 scale mail
 c - a +0 shield (worn)
 i - a +0 ring mail
 q - a +1 scale mail of magic resistance
 E - a +5 chain mail of magic resistance (worn)
Jewellery
 s - a +4 ring of dexterity (left hand)
 C - an amulet of the gourmand (around neck)
 J - a +4 ring of dexterity
Wands
 F - a wand of enslavement (15/24)
Scrolls
 e - 5 scrolls of remove curse
 j - a scroll of teleportation
 H - a scroll of amnesia {unknown}
Potions
 d - 2 potions of might
 g - 2 potions of curing {unknown}
 k - a potion of heal wounds {unknown}
 l - 2 potions of resistance
 p - a potion of berserk rage {unknown}
 r - a potion of ambrosia {unknown}
 t - a potion of haste {unknown}
 A - a potion of mutation {unknown}
Books
 G - a book of Flames

   Spells                             Type                      Level
   a - Flame Tongue                   Conjuration/Fire             1
   b - Throw Flame                    Conjuration/Fire             2
   c - Conjure Flame                  Conjuration/Fire             3
   d - Inner Flame                    Hexes/Fire                   3
   e - Sticky Flame                   Conjuration/Fire             4
   f - Fireball                       Conjuration/Fire             5
   Trog disapproves of the use of such an item.
Comestibles
 f - 5 bread rations
 h - a royal jelly
 I - a meat ration


   Skills:
 * Level 5.7 Fighting
 + Level 6.8 Axes
 + Level 6.0 Armour
 + Level 1.9 Dodging
 + Level 1.1 Stealth
 * Level 8.2 Shields


You had 6 spell levels left.
You knew the following spells:

 Your Spells              Type           Power        Failure   Level  Hunger
a - Flame Tongue          Conj/Fire      #....        100%        1    ##.....


Dungeon Overview and Level Annotations

Branches:
Dungeon (6/15)             Temple (0/1) D:5

Altars:
Elyvilon
Nemelex Xobeh
Trog
Vehumet

Annotations:
D:5 exclusion: oklob sapling


Innate Abilities, Weirdness & Mutations

You reflexively headbutt those who attack you in melee.
You have a pair of horns on your head.


Message History

The ogre is severely wounded.
The ogre completely misses you.
The gnoll hits you from afar with a spear of flaming.
* * * LOW HITPOINT WARNING * * *
The gnoll burns you.
* * * LOW HITPOINT WARNING * * *
The gnoll hits you but does no damage. The ogre hits you but does no damage.
Your chain mail prevents you from hitting the ogre.
You headbutt the ogre.
The ogre is almost dead.
The gnoll hits you but does no damage. The ogre closely misses you.
You block the gnoll's attack.
You clumsily bash the ogre but do no damage.
The ogre is almost dead.
The gnoll closely misses you. The ogre hits you but does no damage.
Your shield and chain mail prevent you from hitting the ogre.
You headbutt the ogre.
The ogre is almost dead.
The ogre hits you with a giant spiked club!
You die...

##################
#.................
#.################
#.# #... #.# #.##
#.# #.# #.# #.#
#@# ##### #.# #O#
##...## #.# #g#
#.....#####.# #.#
#...........# #g#
#.....####### #g#
##...## #.#
###.####### #.#
#..........
#.###.#.#######


You could see an ogre and 3 gnolls.

Vanquished Creatures
  The ghost of Kzard the Cudgeler, an amateur MiBe of Trog (D:4)
  2 sky beasts (D:5)
  A phantom (D:4)
  An ogre (D:4)
  A bullfrog (D:5)
  A howler monkey (D:4)
  2 bullfrog skeletons (D:4)
  4 hounds
  3 orc priests
  A jelly (D:5)
  2 orc wizards
  An iguana (D:6)
  6 worker ants
  9 adders
  2 shadow imps
  An ooze (D:2)
  3 dart slugs
  4 leopard geckos
  16 orcs
  A ball python (D:5)
  8 bats
  6 giant cockroaches
  6 hobgoblins
  16 jackals
  A quokka (D:4)
  8 frilled lizards
  7 goblins
  11 kobolds
  A quokka skeleton (D:5)
  7 rats
  2 plants (D:5)
135 creatures vanquished.

Notes
Turn   | Place    | Note
-------+----------+-------------------------------------------
     0 | D:1      | joaoluisp the Minotaur Fighter began the quest for the Orb.
     0 | D:1      | Reached XP level 1. HP: 19/19 MP: 0/0
   215 | D:1      | Reached XP level 2. HP: 27/27 MP: 1/1
   260 | D:1      | Reached skill level 4 in Shields
   549 | D:1      | Reached XP level 3. HP: 32/33 MP: 2/2
  1269 | D:2      | Reached XP level 4. HP: 40/40 MP: 3/3
  2023 | D:3      | Reached XP level 5. HP: 32/46 MP: 4/4
  2041 | D:3      | Found a bloodstained altar of Trog.
  2077 | D:3      | Became a worshipper of Trog the Wrathful
  2272 | D:3      | Found a radiant altar of Vehumet.
  2341 | D:3      | Reached skill level 1 in Dodging
  2715 | D:3      | Reached * piety under Trog
  2800 | D:4      | Noticed an ogre
  2809 | D:4      | Killed an ogre
  2809 | D:4      | Reached skill level 5 in Axes
  2809 | D:4      | Reached skill level 5 in Shields
  2809 | D:4      | Reached XP level 6. HP: 31/53 MP: 5/5
  2852 | D:4      | Reached skill level 1 in Stealth
  2857 | D:4      | Found a white marble altar of Elyvilon.
  2898 | D:4      | Reached skill level 5 in Armour
  2901 | D:4      | Noticed Kzard's ghost (amateur MiBe)
  2927 | D:4      | Killed Kzard's ghost
  2927 | D:4      | Reached skill level 6 in Shields
  2927 | D:4      | Reached XP level 7. HP: 8/60 MP: 6/6
  3753 | D:4      | Reached skill level 5 in Fighting
  4486 | D:5      | Entered Level 5 of the Dungeon
  4497 | D:5      | Reached skill level 7 in Shields
  4607 | D:5      | Found a sparkling altar of Nemelex Xobeh.
  4658 | D:5      | Reached XP level 8. HP: 39/68 MP: 7/7
  4683 | D:5      | Reached ** piety under Trog
  4867 | D:5      | Found a staircase to the Ecumenical Temple.
  4917 | D:5      | Reached skill level 8 in Shields
  5021 | D:5      | Was placed under penance by Trog
  5023 | D:5      | Learned a level 1 spell: Flame Tongue
  5464 | D:6      | Slain by an ogre

Skill      XL: |  1  2  3  4  5  6  7  8 |
---------------+-------------------------+-----
Shields        | 4 5 6 7 8 |  8.2
Armour         | 4 5 6 |  6.0
Fighting       | 4 5 |  5.7
Axes           | 3 4 5 6 |  6.8
Dodging        | 1 |  1.9
Stealth        | 1 |  1.1

Action                   |  1- 3 |  4- 6 |  7- 9 || total
-------------------------+-------+-------+-------++-------
Melee: War axe           |   124 |   117 |   151 ||   392
       Headbutt          |    16 |    27 |    55 ||    98
       Hunting sling     |       |       |    38 ||    38
 Fire: Hunting sling     |       |       |     3 ||     3
  Use: Scroll            |     2 |     3 |     8 ||    13
  Eat: Bread ration      |     1 |       |     1 ||     2
       Meat ration       |       |     1 |       ||     1
       Beef jerky        |       |     1 |       ||     1
Armor: Scale mail        |    72 |    62 |    13 ||   147
       Chain mail        |       |       |    77 ||    77
Dodge: Dodged            |    48 |    45 |    60 ||   153
Block: Shield            |    81 |    89 |   117 ||   287
